Map: Ruins of Seras

Players

FireCake - Winner!

  • Race: Zerg Zerg
  • League: Grandmaster

MMA

  • Race: Terran Terran

Event: Homestory Cup XII

VOD

Have the link to the VOD?

Description

Time

  • Played on: Dec. 19, 2015, 10:08 a.m.
  • Length: 5:21

All games in this series

Show
View Real Time Build Order
Export as new Build Order

FireCake Zerg - Winner!

Build Orders: Pool First, Roach Nydus 

Get SALT Encoding   

  12  0:00  Drone  
  13  0:08  Drone  
  14  0:17  Overlord  
  14  0:23  Drone, Extractor  
  17  0:35  Drone x2  
  17  0:45  Spawning Pool  
  17  0:49  Drone  
  17  1:06  Extractor  
  16  1:11  Hatchery  
  16  1:14  Drone  
  17  1:18  Drone  
  17  1:23  Drone  
  18  1:32  Queen  
  20  1:36  Zergling x2  
  21  1:40  Drone  
  22  1:48  Overlord  
  22  2:07  Drone  
  22  2:08  Queen  
  25  2:13  Drone  
  26  2:22  Drone  
  27  2:23  Queen  
  27  2:24  Drone  
  30  2:31  Overlord  
  30  2:36  Drone  
  31  2:44  Drone x3  
  31  2:49  Lair  
  34  2:51  Drone  
  34  2:58  Drone x2  
  37  3:04  Drone  
  38  3:09  Drone  
  38  3:10  Drone  
  40  3:13  Extractor  
  40  3:14  Extractor  
  40  3:15  Drone x3  
  40  3:19  Overlord  
  40  3:26  Roach Warren  
  39  3:33  Drone x2  
  43  3:44  Overlord  
  43  3:45  Overlord  
  43  3:51  Nydus Network  
  40  3:57  Overseer  
  40  4:06  Roach x6  
  52  4:12  Roach x2  
  52  4:15  Roach  
  58  4:18  Roach  
  60  4:27  Nydus Canal  
  57  4:43  Roach x5  
  67  4:49  Overlord  
Show
View Real Time Build Order
Export as new Build Order

MMA Terran 

Build Orders: Liberator Opening, Reaper Expand 

Get SALT Encoding   

  12  0:00  SCV  
  13  0:13  SCV  
  14  0:17  Supply Depot  
  14  0:25  SCV  
  15  0:39  SCV  
  15  0:40  Barracks  
  16  0:44  Refinery  
  16  0:51  SCV  
  17  1:03  SCV  
  18  1:15  SCV  
  19  1:28  Reaper, Orbital Command  
  20  1:42  Command Center  
  20  1:51  Supply Depot  
  20  1:53  SCV  
  21  1:59  Marine  
  22  2:05  SCV  
  23  2:09  Factory  
  23  2:18  SCV  
  23  2:20  Refinery  
  23  2:22  Barracks Reactor  
  24  2:30  SCV  
  25  2:42  SCV  
  25  2:54  SCV  
  25  2:57  Starport, Widow Mine  
  28  2:59  Marine x2  
  27  3:05  Orbital Command  
  29  3:06  SCV  
  30  3:17  Marine x2  
  30  3:18  SCV  
  33  3:28  Factory Tech Lab  
  33  3:32  SCV  
  33  3:33  SCV  
  34  3:35  Marine x2  
  34  3:38  Medivac  
  38  3:44  Supply Depot, SCV  
  38  3:45  SCV  
  38  3:47  Siege Tank  
  43  3:56  SCV  
  43  3:57  SCV  
  43  3:58  Supply Depot, Liberator  
  45  4:09  SCV x2  
  47  4:11  Barracks Tech Lab  
  50  4:20  Command Center  
  50  4:26  SCV x2  
  50  4:30  Marine  
  52  4:38  Siege Tank  
  52  4:39  SCV x2  
  57  4:51  SCV x2  
  47  5:03  SCV x2  
Tags
 
Add a new tag
Caveats
  • Supply blocks, unpowered buildings, or Contaminate may cause inaccurate times.
  • Supply counts are checked every 10 seconds.